[Event "TOP 12F 2021"]
[Site "RENNES, France"]
[Date "2021.08.29"]
[Round "5.1"]
[White "Guichard, Pauline"]
[Black "Javakhishvili, Lela"]
[Result "1/2-1/2"]
[TimeControl "1H30 + 30 sec/coup"]
[WhiteElo "2414"]
[BlackElo "2470"]

1. d4 Nf6 2. c4 e6 3. Nf3 c5 4.
d5 d6 5.
Nc3 exd5 6. cxd5 g6 7. Nd2 Bg7 8. e4 O-O 9. Be2 Re8 10. O-O Na6 11. f3 Nc7 12. a4 Nd7 13. Nc4 Ne5 14.
Ne3 f5 15. exf5 gxf5 16. f4 Ng6 17. Kh1 Qf6 18. Bd3 Bd7 19. Qc2 Rf8 20. Bd2 Na6 21. Na2 Rad8 22. Bc3 Qf7 23. Bxg7 Kxg7 24.
b4 cxb4 25. Bxa6 bxa6 26. Nxb4 a5 27. Nc6 Rde8 28. Rae1 Kg8 29. Qd3 Qf6 30. Nc4 Nxf4 31. Qg3+ Ng6 32. Rxe8 Rxe8 33. Nxd6 Rf8 34.
Ne4 Qh4 35. Qxh4 Nxh4 36. Ng5 Ng6 37. h3 f4 38. Nf3 Rf5 39. Rd1 Kf8 40. Rd4 Ne7 41. Nce5 Ke8 42. Re4 Kd8 43. Rd4 a6 44.
Kg1 Ng6 45. Nd3 Kc7 46. Nd2 Rf8 47. Kf2 Rb8 48. d6+ Kd8 49. h4 Nxh4 50. Rxf4 Nf5 51. Nc4 h5 52. Nde5 Rb4 53. g3 h4 54.
Nf7+ Ke8 55. g4 Kxf7 56. gxf5 Kf6 57. Rxh4 Bxf5 58. Ke3 Be6 59. Rh6+ Kf5 60. Nd2 Rxa4 61. Rh7 Ke5 62. d7 Ra3+ 63.
Ke2 Bg4+ 64. Kf2 Rd3 65. Nc4+ Kf6 66. Rh6+ Kg5 67. Rd6 Rxd6 68. Nxd6 Bxd7 1/2-1/2

[Event "TOP 12F 2021"]
[Site "RENNES, France"]
[Date "2021.08.29"]
[Round "5.2"]
[White "Sebag, Marie"]
[Black "Gaponenko, Inna"]
[Result "1-0"]
[TimeControl "1H30 + 30 sec/coup"]
[WhiteElo "2447"]
[BlackElo "2357"]

1. e4 c5 2. Nf3 g6 3. d4 cxd4 4. Qxd4 Nf6 5. Nc3 Nc6 6. Qa4 d6 7. e5 dxe5 8. Nxe5 Qd4 9. Nxc6 Qxa4 10.
Nxa4 bxc6 11. Bc4 Nd5 12. O-O Bf5 13. c3 Bc2 14. Bb3 Bxb3 15. axb3 e6 16. Rd1 O-O-O 17. c4 Nb4 18. Nb6+ Kc7 19.
Rxd8 Kxb6 20. Rb8+ 1-0

[Event "TOP 12F 2021"]
[Site "RENNES, France"]
[Date "2021.08.29"]
[Round "5.3"]
[White "Maisuradze, Nino"]
[Black "Broly, Mathilde"]
[Result "1-0"]
[TimeControl "1H30 + 30 sec/coup"]
[WhiteElo "2245"]
[BlackElo "2154"]

1. d4 Nf6 2. c4 g6 3. Nc3 d5 4. cxd5 Nxd5 5. Bd2 Bg7 6. e4 Nb6 7. Be3 O-O 8. h4 Nc6 9. d5 Ne5 10.
Bd4 c6 11. f4 Ng4 12. Bxg7 Kxg7 13. Qd4+ Nf6 14. O-O-O cxd5 15. e5 Ng4 16. h5 Bf5 17. Nf3 Qc7 18. Be2 e6 19. Rh4 Nh6 20.
Ng5 gxh5 21. Bxh5 Qc4 22. Qxc4 Nxc4 23. Bf3 Bg6 24. g4 Ng8 25. b3 Ne3 26. Re1 d4 27. Nce4 h6 28. Nh3 Rac8+ 29. Kb2 Rc2+ 30. Ka3 Ne7 31. Nd6 Rb8 32. Re2 Rxe2 33. Bxe2 d3 34. Bf3 b5 35. Nf2 Rb6 36. Rh1 Nc6 37.
Be4 Bxe4 38. Ndxe4 d2 39. Nxd2 Nd4 40. Nd3 a5 41. Kb2 Rc6 42. Ne1 Nd1+ 43. Kb1 Ne2 44. Nd3 Nec3+ 45. Ka1 a4 46.
bxa4 bxa4 47. Ne4 Ne3 48. Rc1 Ned5 49. Nxc3 Rxc3 50. Rxc3 Nxc3 51. Kb2 Nb5 52. Nc5 Nd4 53. Nxa4 Ne2 54.
Nc5 Nxf4 55. a4 Nd5 56. a5 Kg6 57. Ne4 h5 58. gxh5+ Kh6 59. Nf6 Nb4 60. Kc3 Nc6 61. a6 Kg5 62.
Kb3 Kf5 63. h6 Kg6 64. h7 Kg7 65. Ka4 Nxe5 66. a7 Nc4 67. Kb5 1-0

[Event "TOP 12F 2021"]
[Site "RENNES, France"]
[Date "2021.08.29"]
[Round "5.4"]
[White "Nicoara, Malina"]
[Black "Fischer, Julie"]
[Result "0-1"]
[TimeControl "1H30 + 30 sec/coup"]
[WhiteElo "2066"]
[BlackElo "2073"]

1. d4 Nf6 2. c4 g6 3. Nc3 Bg7 4. e4 d6 5. f3 a6 6. Be3 c6 7. Qd2 b5 8. O-O-O Qa5 9. Kb1 b4 10.
Nce2 Nfd7 11. Bh6 Bxh6 12. Qxh6 c5 13. d5 Nf6 14. Nc1 Nbd7 15. g4 Qc7 16. Nh3 Bb7 17. Ng5 Ne5 18. h3 Rf8 19.
f4 Ned7 20. Bd3 O-O-O 21. Rhe1 Rde8 22. Nf3 e5 23. f5 a5 24. g5 Nh5 25. Qxh7 Ndf6 26. gxf6 Rh8 27. Qxh8 Rxh8 28. fxg6 fxg6 29.
Rg1 Qf7 30. Ng5 Qxf6 31. Rdf1 Nf4 32. Ne2 Rh4 33. Ne6 Kb8 34. N2xf4 exf4 35. Rf3 Bc8 36. Ng5 Rh5 37. e5 Qxe5 38.
Nf7 Qf6 39. Bxg6 Bf5+ 0-1

[Event "TOP 12F 2021"]
[Site "RENNES, France"]
[Date "2021.08.29"]
[Round "5.5"]
[White "Paehtz, Elisabeth"]
[Black "Vega Gutierrez, Sabrina"]
[Result "1/2-1/2"]
[TimeControl "1H30 + 30 sec/coup"]
[WhiteElo "2466"]
[BlackElo "2392"]

1. Nf3 d5 2. e3 Nf6 3. c4 e6 4. b3 Bd6 5. Bb2 O-O 6.
Nc3 a6 7. g3 b6 8. cxd5 exd5 9. Bg2 Bb7 10. O-O Nbd7 11. Ne2 Re8 12. Rc1 Nc5 13. Qc2 a5 14. Rfd1 Ba6 15. d3 a4 16.
Nfd4 axb3 17. axb3 Qd7 18. Nf4 Bb7 19. Bh3 Qd8 20. Ba1 Na6 21. Nc6 Bxc6 22. Qxc6 Nb4 23. Bxf6 Qxf6 24. Nxd5 Nxd5 25.
Qxd5 Ra2 26. Rf1 Qb2 27. Rb1 Qc3 28. Qc4 Qd2 29. Rbd1 Qb2 30. Rde1 Re5 31. d4 Rea5 32. Bg4 g6 33.
Re2 Qa3 34. Rxa2 Qxa2 35. Bf3 c5 36. Bd5 Ra7 37. dxc5 Bxc5 38. Qf4 Rd7 39. e4 Qb2 40. h4 h5 41. Rd1 Bd4 42. Kg2 Kg7 43.
Rd3 Ra7 44. Qd2 Qxd2 45. Rxd2 Bc5 46. Bc4 Kf6 47. f4 Ke7 48. Bb5 Bb4 49. Rc2 Bc5 50. Kf3 Ra1 51. Rd2 Ra7 52. Ba4 Rc7 53.
Rd5 Bd6 54. e5 Rc3+ 55. Kg2 Bc5 56. Rd7+ Kf8 57. Rd8+ Kg7 58. Rd2 Bb4 59. Re2 Rd3 60. e6 fxe6 61. Rxe6 Rd6 62. Re3 Bc5 63.
Rc3 Rd2+ 64. Kf3 1/2-1/2

[Event "TOP 12F 2021"]
[Site "RENNES, France"]
[Date "2021.08.29"]
[Round "5.8"]
[White "Leconte, Maria"]
[Black "Thomas, Apolline"]
[Result "1-0"]
[TimeControl "1H30 + 30 sec/coup"]
[WhiteElo "2232"]
[BlackElo "1954"]

1. Nf3 d5 2. g3 Nf6 3. Bg2 Bf5 4. d3 Nc6 5. Nh4 g6 6. Nxf5 gxf5 7. c4 e6 8. cxd5 Nxd5 9. Nc3 Bg7 10.
Nxd5 exd5 11. O-O Qd7 12. Rb1 O-O-O 13. b4 h5 14. b5 Nd4 15. a4 h4 16. Bg5 hxg3 17. Bxd8 gxh2+ 18. Kh1 Qxd8 19.
e3 Ne6 20. Qf3 f4 21. a5 c6 22. a6 bxa6 23. bxc6 Qc7 24. Qxd5 Rd8 25. Qc4 Qe5 26. Qxa6+ Kc7 27. Rb7+ 1-0

[Event "TOP 12F 2021"]
[Site "RENNES, France"]
[Date "2021.08.29"]
[Round "5.9"]
[White "Savina, Anastasia"]
[Black "Benmesbah, Natacha"]
[Result "1-0"]
[TimeControl "1H30 + 30 sec/coup"]
[WhiteElo "2336"]
[BlackElo "2239"]

1. d4 Nf6 2. c4 c5 3. d5 g6 4. Nc3 Bg7 5. e4 d6 6. f3 O-O 7. Bg5 h6 8. Be3 e6 9. Qd2 exd5 10.
cxd5 Ne8 11. Nge2 Nd7 12. Ng3 Kh7 13. Be2 a6 14. a4 Ne5 15. O-O f5 16. exf5 gxf5 17. Nh5 Qe7 18. a5 Bd7 19. Na4 Bb5 20. Nb6 Bxe2 21. Qxe2 Rd8 22. Bd2 Bh8 23. Qe3 Rf6 24.
Nxf6+ Qxf6 25. Bc3 Qf7 26. Ra4 Nc7 27. Rh4 Bg7 28. f4 Ng6 29. Rh3 Re8 30. Qd2 Nb5 31. Bxg7 Qxg7 32. Re3 Rxe3 33.
Qxe3 Qxb2 34. Qe6 Nh4 35. Qe7+ 1-0

[Event "TOP 12F 2021"]
[Site "RENNES, France"]
[Date "2021.08.29"]
[Round "5.10"]
[White "Afraoui, Anaelle"]
[Black "Thomas, Anysia"]
[Result "1/2-1/2"]
[TimeControl "1H30 + 30 sec/coup"]
[WhiteElo "2118"]
[BlackElo "2170"]

1. e4 c5 2. Nf3 g6 3. c3 d5 4. Bb5+ Bd7 5. Bxd7+ Qxd7 6. Ne5 Qe6 7. Qa4+ Nc6 8. Nxc6 Qxc6 9. Qxc6+ bxc6 10. d3 Nf6 11.
f3 Bg7 12. Kd1 O-O 13. Kc2 c4 14. d4 dxe4 15. fxe4 Nxe4 16. Re1 f5 17. Na3 c5 18. dxc5 Rac8 19. Be3 Bf6 20. Nxc4 Nxc5 21.
Rad1 Ne4 22. Nd2 Nxc3 23. bxc3 Rxc3+ 24. Kb1 a5 25. Nb3 a4 26. Bd4 axb3 27. Bxc3 Bxc3 28. Rxe7 Bf6 29. Rb7 bxa2+ 30. Kxa2 Rf7 31. Rxf7 Kxf7 32. Kb3 g5 33. Kc4 Ke6 34. Rb1 h5 35. Rb6+ Ke5 36. Rb5+ Ke6 37. Ra5 g4 38. Kd3 h4 39.
h3 gxh3 40. gxh3 Be5 41. Ke3 Bg3 42. Kf3 Kf6 43. Ra6+ Ke5 44. Ke3 Bf4+ 45. Kd3 Bg3 46. Ra4 Be1 47. Ke2 Bg3 48. Ke3 Ke6 49.
Kd3 Ke5 50. Ke2 Ke6 51. Ra8 Ke5 52. Kf3 Ke6 53. Re8+ Kf6 54. Ke3 Kf7 55. Rc8 Ke6 56. Rc2 Ke5 57. Re2 Kd5 58. Kd3 f4 59.
Ra2 f3 60. Ra5+ Ke6 61. Ke4 f2 62. Ra1 1/2-1/2

[Event "TOP 12F 2021"]
[Site "RENNES, France"]
[Date "2021.08.29"]
[Round "5.11"]
[White "Bonvalot, Isabelle"]
[Black "Doluhanova, Evgeniya"]
[Result "0-1"]
[TimeControl "1H30 + 30 sec/coup"]
[WhiteElo "1831"]
[BlackElo "2207"]

1. e4 e5 2. Nc3 Nc6 3. Bc4 d6 4. f4 exf4 5. d4 Qh4+ 6. Kf1 Bg4 7. Nf3 Bxf3 8. gxf3 Qh3+ 9. Kf2 g5 10.
Nd5 O-O-O 11. c3 Nge7 12. b4 h5 13. b5 Na5 14. Nxe7+ Bxe7 15. Bxf7 Rdf8 16. Bg6 g4 17. Bf5+ Rxf5 18.
exf5 gxf3 19. Bxf4 Bh4+ 20. Bg3 Qg2+ 21. Ke3 Re8+ 22. Kf4 f2 23. Qf3 Bg5+ 0-1

[Event "TOP 12F 2021"]
[Site "RENNES, France"]
[Date "2021.08.29"]
[Round "5.12"]
[White "Steil-Antoni, Fiona"]
[Black "Demais, Eilean"]
[Result "1-0"]
[TimeControl "1H30 + 30 sec/coup"]
[WhiteElo "2153"]
[BlackElo "1463"]

1. e4 c5 2. Nc3 Nc6 3. f4 e6 4. Nf3 Nge7 5. g3 g6 6. Bg2 Bg7 7. O-O O-O 8. d3 d5 9. Qe1 Rb8 10. h3 b5 11. Kh2 c4 12.
a3 a5 13. g4 b4 14. axb4 axb4 15. Ne2 Qb6 16. e5 Ba6 17. d4 Rfc8 18. c3 Bf8 19. Qh4 h6 20. f5 g5 21. Bxg5 exf5 22.
Bxh6 Ng6 23. Qh5 fxg4 24. Ng5 Ncxe5 25. Bxf8 Kxf8 26. dxe5 Rc7 27. Rf6 Qe3 28. Qxg6 Qxe5+ 29. Ng3 1-0

[Event "TOP 12F 2021"]
[Site "RENNES, France"]
[Date "2021.08.29"]
[Round "5.14"]
[White "Seite, Yamina"]
[Black "Boutant, Jade"]
[Result "1-0"]
[TimeControl "1H30 + 30 sec/coup"]
[WhiteElo "1870"]
[BlackElo "1747"]

1. e4 d6 2. g3 Nf6 3. Bg2 g6 4.
Ne2 Bg7 5. O-O O-O 6. d3 c6 7. Nd2 Nbd7 8. h3 d5 9. f4 e5 10. fxe5 Nxe5 11. d4 Ned7 12. e5 Ne8 13. Nf3 h6 14.
Nf4 Nc7 15. Nh2 Ne6 16. Nxe6 fxe6 17. Ng4 g5 18. Be3 Rf5 19. Nxh6+ Bxh6 20. Qh5 Kg7 21. h4 Qh8 22. g4 Rf8 23.
hxg5 Qh7 24. gxh6+ Kh8 25. Rxf8+ Nxf8 26. Rf1 Ng6 27. Rf6 1-0

[Event "TOP 12F 2021"]
[Site "RENNES, France"]
[Date "2021.08.29"]
[Round "5.15"]
[White "Le Marec, Laura"]
[Black "Coriat, Caroline"]
[Result "1-0"]
[TimeControl "1H30 + 30 sec/coup"]
[WhiteElo "2118"]
[BlackElo "1784"]

1. c4 e5 2. Nc3 Nc6 3. g3 f5 4. Bg2 Nf6 5. e3 Bb4 6. Nge2 Bxc3 7. Nxc3 O-O 8. d3 Ne7 9. O-O c6 10.
b3 d6 11. Ba3 f4 12. d4 exd4 13. Qxd4 Nf5 14. Qxf4 Ng4 15. Qxg4 Nxe3 16. Qd4 Nxf1 17. Rxf1 Qg5 18. Ne4 Qh5 19.
Nxd6 Bh3 20. Bb2 Rf6 21. Bxh3 Qxh3 22. c5 Rd8 23. Qc4+ Re6 24. Re1 1-0

[Event "TOP 12F 2021"]
[Site "RENNES, France"]
[Date "2021.08.29"]
[Round "5.16"]
[White "Parot de Sousa, Sophie"]
[Black "Girod, Sarah"]
[Result "1/2-1/2"]
[TimeControl "1H30 + 30 sec/coup"]
[WhiteElo "1447"]
[BlackElo "1504"]

1. c4 e5 2. Nc3 Nf6 3. g3 d5 4. cxd5 Nxd5 5. Bg2 Nb6 6. Nf3 Nc6 7. d3 Be7 8. O-O O-O 9. a3 Re8 10.
Ne4 Bf8 11. b4 Nd4 12. Bb2 Bg4 13. Nxd4 exd4 14. h3 Bf5 15. Rc1 Qd7 16. Kh2 a5 17. Nc5 Bxc5 18. bxc5 Na4 19. Ba1 Nc3 20.
Bxc3 dxc3 21. Rxc3 Qd4 22. Rc4 Qf6 23. e3 Rad8 24. d4 Qg6 25. Rc3 c6 26. Qb3 Bc8 27. Qb6 h5 28. h4 Qf5 29.
Qb1 Qf6 30. Bh3 g5 31. Bxc8 Rxc8 32. hxg5 Qxg5 33. Qd1 Kh8 34. Rh1 Rg8 35. Kg2 Qd5+ 36. Qf3 Qxf3+ 37. Kxf3 Rg5 38. Rb3 Rc7 39.
Rh4 Kg7 40. Kf4 Kg6 41. Kf3 Rf5+ 42. Ke2 Kg5 43. Rb1 Re7 44. Rbh1 Kg6 45. Rb1 Kg5 46. Rbh1 Kg6 47. g4 1/2-1/2